 Dungeon Crawl Stone Soup version 0.28-a0-1638-g9123634e07 (webtiles) character file.

Game seed: 11251109928617007080

263 testman the Shooter (level 6, -8/51 HPs)
             Began as a Barachi Hunter on Jan 25, 2022.
             Mangled by Duvessa (10 damage)
             ... on level 5 of the Dungeon.
             The game lasted 00:19:17 (5063 turns).

testman the Shooter (Barachi Hunter)                Turns: 5063, Time: 00:19:18

Health: -8/51      AC:  3    Str: 11 (14) XL:     6   Next: 19%
Magic:  15/15      EV: 12    Int: 11      God:
Gold:   180        SH:  0    Dex: 14      Spells: 5/5 levels left

rFire   + . .      SeeInvis .   h - +2 short sword (venom)
rCold   + . .      Faith    .   (no shield)
rNeg    . . .      Spirit   .   c - +0 leather armour
rPois   .          Reflect  .   (no helmet)
rElec   .          Harm     .   b - scarf {rC+ rF+}
rCorr   .          Rampage  .   (no gloves)
Will    .....                   (no boots)
Stlth   +.........              (no amulet)
HPRegen 0.17/turn               j - ring of magical power
MPRegen 0.14/turn               s - ring of wizardry

@: unable to hop, slow
A: amphibious, slowness 1, strong legs 1, +LOS
a: Hop


You were on level 5 of the Dungeon.
You visited 1 branch of the dungeon, and saw 5 of its levels.

You collected 180 gold pieces.

Inventory:

Hand Weapons
 a - a +1 shortbow
 h - a +2 short sword of venom (weapon)
Missiles
 d - 72 arrows
 k - 8 poisoned darts (quivered)
Armour
 b - a scarf of resistance (worn)
 c - a +0 leather armour (worn)
Jewellery
 g - a ring of ice
 i - a ring of ice
 j - a ring of magical power (left hand)
 s - a ring of wizardry (right hand)
Wands
 t - a wand of digging (2)
 u - a wand of mindburst (18)
Scrolls
 f - a scroll of amnesia
 n - 8 scrolls of identify {unknown}
Potions
 l - a potion of flight


   Skills:
 + Level 5.6 Fighting
 + Level 5.8 Bows
 - Level 2.1 Dodging
 - Level 0.8 Stealth


You had 5 spell levels left.
You didn't know any spells.
Your spell library contained the following spells:

 Spells                   Type           Power      Damage    Failure   Level
 Foxfire                  Conj/Fire      0%         2x1d4     19%         1
 Conjure Flame            Conj/Fire      0%         6-21      45%         3
 Inner Flame              Hex/Fire       0%         N/A       45%         3
 Flame Wave               Conj/Fire      0%         2d4       86%         4


Dungeon Overview and Level Annotations

Branches:
Dungeon (5/15)
 Temple: D:4-7

Altars:
Ashenzari

Shops:
D:3 =

Annotations:
D:4 Pikel
D:5 Dowan, Duvessa


Innate Abilities, Weirdness & Mutations

You are amphibious.
You cover ground slowly.
You can hop short distances.
You have an extended range of vision and can be seen from far away.


Message History

* * * LOW HITPOINT WARNING * * *
You hit Duvessa.
Duvessa is poisoned.
Duvessa is lightly wounded.
Duvessa barely misses you.
You hit Duvessa but do no damage.
Duvessa looks as sick as possible!
Duvessa is lightly wounded.
Duvessa hits you with a +0 short sword!
* * * LOW HITPOINT WARNING * * *
You hit Duvessa but do no damage.
Duvessa is lightly wounded.
Dowan hisses, "Insulting my beauty only makes me fight harder!"
Duvessa barely misses you.
You hit Duvessa but do no damage.
Duvessa looks as sick as possible!
Duvessa is lightly wounded.
Duvessa hits you with a +0 short sword.
* * * LOW HITPOINT WARNING * * *
You feel better. Duvessa barely misses you.
Okay, then.
Hop to where?
Press: ? - help, Dir - move target, p - Duvessa Boing!
Dowan hits you with a +0 dagger.
* * * LOW HITPOINT WARNING * * *
Duvessa hits you with a +0 short sword.
* * * LOW HITPOINT WARNING * * *
Duvessa says, "When magic and the sword combine, nothing stands against them."
Duvessa hits you with a +0 short sword.
* * * LOW HITPOINT WARNING * * *
Dowan says, "My weaknesses are her strengths!"
Dowan casts a spell at you. The puff of flame misses you.
You see here 12 gold pieces.
Dowan gestures wildly while chanting.
Dowan blinks!
Dowan gestures at Duvessa while chanting.
Duvessa seems to speed up.
Duvessa hits you but does no damage.
You barely miss Duvessa.
Duvessa is almost dead.
Duvessa hits you with a +0 short sword!
You die...

*****,,,*###.#####_#####..###**
***,,,,,,....###.....###.....,*
,,,,,,*,,.................###****
***,*,,,,....................,,,*
***,**,**######........#..###****
,,,,,,,,,,,.........†..#..#####
,,,,**,*,,,...................#
***,**,***#####..>..........#,*
*,,,,,,,* #.@#..†.....###.#**
*,,,,,,,* #.e#....##.......,*
*,,,,,,,#######...........#####**
*,,,,,,,...........#...........*
*,,,,,,,..(..((.$......e.....#.*
*,,,,,...#######...#..###......*
,,,,,,.............#..##*.####.*
*******#.####......>...#*,# *,* *
*,* #.##..##...#*,* *,*


You could see Duvessa (fast, very poisoned).

Vanquished Creatures
  A scorpion (D:5)
  An orc priest (D:2)
  A hound (D:5)
  An orc wizard (D:4)
  A hound skeleton (D:4)
  A howler monkey skeleton (D:4)
  3 adders
  A worm (D:4)
  4 dart slugs
  8 orcs
  4 bats
  3 endoplasms
  2 giant cockroaches
  5 goblins
  8 hobgoblins
  A quokka (D:4)
  3 ball pythons
  5 kobolds
  A quokka skeleton (D:4)
  5 rats
59 creatures vanquished.

Vanquished Creatures (others)
  A fungus (D:1)
  5 plants
6 creatures vanquished.

Grand Total: 65 creatures vanquished

Notes
Turn   | Place    | Note
-------+----------+-------------------------------------------
     0 | D:1      | testman the Barachi Hunter began the quest for the Orb.
     0 | D:1      | Reached XP level 1. HP: 17/17 MP: 1/1
   246 | D:1      | Reached XP level 2. HP: 23/23 MP: 2/2
   841 | D:1      | Found a faded altar of an unknown god.
  1019 | D:2      | You fall into a shaft and drop 1 floor!
  1085 | D:2      | Reached XP level 3. HP: 27/29 MP: 3/3
  1474 | D:2      | Reached XP level 4. HP: 22/37 MP: 4/4
  2185 | D:3      | Found Inukueh's Jewellery Boutique.
  2269 | D:3      | Reached skill level 5 in Bows
  3176 | D:4      | Reached XP level 5. HP: 43/43 MP: 5/5
  3351 | D:4      | Reached skill level 5 in Fighting
  4005 | D:5      | Entered Level 5 of the Dungeon
  4016 | D:5      | Noticed a centaur warrior zombie
  4048 | D:5      | HP: 2/44 [centaur warrior zombie (2)]
  4346 | D:5      | Noticed Pikel
  4346 | D:5      | Noticed a lemure
  4346 | D:5      | Noticed a lemure
  4346 | D:5      | Noticed a lemure
  4346 | D:5      | Noticed a lemure
  4359 | D:4      | HP: 2/44 [Pikel (8)]
  4949 | D:5      | Found a broken altar of Ashenzari.
  4965 | D:5      | Reached XP level 6. HP: 51/51 MP: 6/6
  5034 | D:5      | Noticed Duvessa
  5040 | D:5      | Noticed Dowan
  5053 | D:5      | HP: 2/51 [Duvessa (3)]
  5063 | D:5      | Mangled by Duvessa

Illustrated notes

Levels and vault maps discovered:
D:1:      psy_arrival_basics, layout_loops_cross,
          shapermc_ecumenical_altar_petra
D:2:      layout_basic, serial_bayou, serial_bayou_crossing,
          serial_bayou_pond_d, serial_bayou_pond_e, serial_bayou_shore_a
D:3:      layout_loops_ring, serial_shops, nicolae_shop_stone
D:4:      layout_loops_corners
D:5:      layout_basic, cheibrodos_ashenzari_chains, mainiacjoe_overflow_swirl,
          uniq_pikel, uniq_duvessa

Skill      XL: |  1  2  3  4  5 |
---------------+----------------+-----
Fighting       | 3 4 5 |  5.6
Bows           | 5 |  5.8
Dodging        | |  2.1
Stealth        | |  0.8

Action                   |  1- 3 |  4- 6 || total
-------------------------+-------+-------++-------
Melee: Short sword       |    33 |    82 ||   115
 Fire: Shortbow          |    32 |    47 ||    79
Throw: Throwing net      |       |     1 ||     1
 Abil: Hop               |       |     3 ||     3
Evoke: Wand              |       |     1 ||     1
  Use: Potion            |       |     7 ||     7
       Scroll            |       |     3 ||     3
 Stab: Sleeping          |     1 |       ||     1
Armor: Leather armour    |    14 |    29 ||    43
Dodge: Dodged            |    24 |    72 ||    96

Table legend: (Time is in decaauts)
 A = Elapsed time spent in this place.
 B = Non-inter-level travel time spent in this place.
 C = Inter-level travel time spent in this place.
 D = Time resting spent in this place.
 E = Time spent auto-exploring this place.
 F = Levels seen in this place.
 G = Mean time per level.
                   A        B        C        D        E       F      G
               +--------+--------+--------+--------+--------+-----+--------+
         Total |   5635 |   5345 |    290 |   1325 |   3360 |   5 | 1127.0 |
       Dungeon |   5635 |   5345 |    290 |   1325 |   3360 |   5 | 1127.0 |
               +--------+--------+--------+--------+--------+-----+--------+

Top non-repeatable levels by time:
     D:4: 2329 daAuts
     D:2: 1329 daAuts
     D:1: 1066 daAuts
     D:3: 721 daAuts
     D:5: 189 daAuts
